PBL
PORTLAND ANGELS @ COLORADO AVALANCHE
09/11/2046
 
TOP OF THE 1ST
Portland Angels batting - Pitching for Colorado Avalanche : LHP Rafael Lozano
Pitching: LHP Rafael Lozano
Batting: RHB Daniel Molina 0-0: Ball
1-0: Called Strike
1-1: Ball
2-1: Swinging Strike
2-2: Ball
3-2: Foul Ball, location: 2F
3-2: Strikes out looking
Batting: RHB Brendan Garoutte 0-0: Swinging Strike
0-1: Called Strike
0-2: Ball
1-2: Strikes out swinging
Batting: RHB Dan Myers 0-0: Foul Ball, location: 2F
0-1: Ball
1-1: SINGLE (Line Drive, 6D, EV 110.6 MPH)
Batting: RHB Jayden Bain 0-0: Ball
1-0: Ground out 1-3 (Groundball, 15S, EV 72.5 MPH)
Top of the 1st over - 0 runs, 1 hit, 0 errors, 1 left on base; Portland 0 - Colorado 0
BOTTOM OF THE 1ST
Colorado Avalanche batting - Pitching for Portland Angels : LHP Randy Boutilier
Pitching: LHP Randy Boutilier
Batting: RHB Eric Delgado 0-0: Foul Ball, location: 2F
0-1: Foul Ball, location: 2F
0-2: Ball
1-2: Foul Ball, location: 2F
1-2: Foul Ball, location: 2F
1-2: Foul Ball, location: 2F
1-2: SINGLE (Line Drive, 89S, EV 107.5 MPH)
Batting: LHB Nick Rooney 0-0: Called Strike
0-1: Ball
1-1: Ball
Eric Delgado steals 2nd, throwing error, E2
Eric Delgado to third
2-1: Foul Ball, location: 2F
2-2: Fly out, F7 (Flyball, 7S, EV 88.8 MPH)
Batting: RHB Mike McElroy 0-0: Ball
1-0: Foul Ball, location: 2F
1-1: Ball
2-1: Fly out, F8 (Flyball, 8RM, EV 83.8 MPH)
Runner from 3rd tags up, SCORES, throw by CF
Batting: RHB Seisaburo Edagawa 0-0: Ball
1-0: Ball
2-0: Called Strike
2-1: Foul Ball, location: 2F
2-2: Foul Ball, location: 2F
2-2: Foul Ball, location: 2F
2-2: Foul Ball, location: 2F
2-2: SINGLE (Line Drive, 34D, EV 104.4 MPH)
Batting: SHB Craig Ruzic 0-0: Ball
1-0: Foul Ball, location: 2F
1-1: Reached on error, E9 (Flyball, 89M, EV 85.6 MPH)
Seisaburo Edagawa to third
Batting: LHB Glenn Lowther 0-0: Ball
1-0: Ball
2-0: Ball
3-0: Called Strike
3-1: Base on Balls
Batting: SHB Justin Jackson 0-0: Fly out, F8 (Flyball, 8LD, EV 85.0 MPH)
Bottom of the 1st over - 1 run, 2 hits, 2 errors, 3 left on base; Portland 0 - Colorado 1
TOP OF THE 2ND
Portland Angels batting - Pitching for Colorado Avalanche : LHP Rafael Lozano
Batting: LHB Ramon Garduno 0-0: Swinging Strike
0-1: Ball
1-1: Swinging Strike
1-2: Strikes out looking
Batting: SHB Danny Gelinas 0-0: Ground out 6-3 (Groundball, 6, EV 87.5 MPH)
Batting: RHB Alex Rosaly 0-0: Ball
1-0: Called Strike
1-1: Hit by Pitch
Batting: SHB Yuya Hirata 0-0: Ball
1-0: Called Strike
1-1: Foul Ball, location: 2F
1-2: DOUBLE (Line Drive, 78M, EV 95.6 MPH)
Alex Rosaly to third
Alex Rosaly scores
Batting: RHB Carlos Gonzales 0-0: SINGLE (Flyball, 8LS, EV 86.2 MPH)
Yuya Hirata to third
Runner from 3rd tries for Home, SAFE, throw by CF to home
Carlos Gonzales to second
Batting: RHB Daniel Molina 0-0: Ball
1-0: Ball
2-0: Ball
3-0: Base on Balls
Batting: RHB Brendan Garoutte 0-0: Called Strike
0-1: Ball
1-1: Swinging Strike
1-2: Strikes out swinging
Top of the 2nd over - 2 runs, 2 hits, 0 errors, 2 left on base; Portland 2 - Colorado 1
BOTTOM OF THE 2ND
Colorado Avalanche batting - Pitching for Portland Angels : LHP Randy Boutilier
Batting: RHB Kevin Tangeman 0-0: Ball
1-0: Called Strike
1-1: Called Strike
1-2: Ground out 4-3 (Groundball, 4, EV 85.0 MPH)
Batting: LHB Jerry Santana 0-0: Called Strike
0-1: Called Strike
0-2: Strikes out swinging
Batting: RHB Eric Delgado 0-0: Foul Ball, location: 2F
0-1: Foul Ball, location: 2F
0-2: SINGLE (Groundball, 4MD, EV 103.8 MPH)
Batting: LHB Nick Rooney 0-0: Ball
1-0: Foul Ball, location: 2F
1-1: Swinging Strike
1-2: Foul Ball, location: 2F
1-2: Fly out, F5 (Popup, 5, EV 82.5 MPH)
Bottom of the 2nd over - 0 runs, 1 hit, 0 errors, 1 left on base; Portland 2 - Colorado 1
TOP OF THE 3RD
Portland Angels batting - Pitching for Colorado Avalanche : LHP Rafael Lozano
Batting: RHB Dan Myers 0-0: Called Strike
0-1: Ball
1-1: Ground out 4-3 (Groundball, 4M, EV 106.9 MPH)
Batting: RHB Jayden Bain 0-0: Ground out 5-3 (Groundball, 56, EV 78.8 MPH)
Batting: LHB Ramon Garduno 0-0: Foul Ball, location: 2F
0-1: Foul Ball, location: 2F
0-2: Foul Ball, location: 2F
0-2: Strikes out looking
Top of the 3rd over - 0 runs, 0 hits, 0 errors, 0 left on base; Portland 2 - Colorado 1
BOTTOM OF THE 3RD
Colorado Avalanche batting - Pitching for Portland Angels : LHP Randy Boutilier
Batting: RHB Mike McElroy 0-0: Foul Ball, location: 2F
0-1: Ball
1-1: Foul Ball, location: 2F
1-2: SINGLE (Line Drive, 34D, EV 98.8 MPH)
Batting: RHB Seisaburo Edagawa 0-0: Ball
1-0: Fly out, F7 (Flyball, 78S, EV 91.9 MPH)
Batting: SHB Craig Ruzic 0-0: Ball
1-0: Called Strike
1-1: Ball
2-1: Ball
3-1: Base on Balls
Mike McElroy to second
Batting: LHB Glenn Lowther 0-0: Swinging Strike
0-1: Foul Ball, location: 2F
0-2: Ball
1-2: Foul Ball, location: 2F
1-2: Foul Ball, location: 2F
1-2: Strikes out looking
Batting: SHB Justin Jackson 0-0: Ball
1-0: Ground out 5-3 (Groundball, 5L, EV 103.1 MPH)
Bottom of the 3rd over - 0 runs, 1 hit, 0 errors, 2 left on base; Portland 2 - Colorado 1
TOP OF THE 4TH
Portland Angels batting - Pitching for Colorado Avalanche : LHP Rafael Lozano
Batting: SHB Danny Gelinas 0-0: Ball
1-0: Ball
2-0: Foul Ball, location: 2F
2-1: Ball
3-1: Foul Ball, location: 2F
3-2: Base on Balls
Batting: RHB Alex Rosaly 0-0: Ball
1-0: Ball
2-0: Ball
3-0: Base on Balls
Danny Gelinas to second
Batting: SHB Yuya Hirata 0-0: Called Strike
0-1: Ball
1-1: Foul Ball, location: 2F
1-2: Strikes out swinging
Batting: RHB Carlos Gonzales 0-0: Swinging Strike
0-1: Hit by Pitch
Danny Gelinas to third
Alex Rosaly to second
Batting: RHB Daniel Molina 0-0: Ball
1-0: Ball
2-0: Called Strike
2-1: Fly out, F7 (Flyball, 78D, EV 101.9 MPH)
Runner from 3rd tags up, OUT at HOME! 7-2
Top of the 4th over - 0 runs, 0 hits, 0 errors, 2 left on base; Portland 2 - Colorado 1
BOTTOM OF THE 4TH
Colorado Avalanche batting - Pitching for Portland Angels : LHP Randy Boutilier
Batting: RHB Kevin Tangeman 0-0: Ball
1-0: Called Strike
1-1: Foul Ball, location: 2F
1-2: Ball
2-2: Ground out 2-3 (Groundball, 2R, EV 71.9 MPH)
Batting: LHB Jerry Santana 0-0: Ball
1-0: Fly out, F8 (Flyball, 8LD, EV 105.6 MPH)
Batting: RHB Eric Delgado 0-0: Ball
1-0: Ball
2-0: Called Strike
2-1: Foul Ball, location: 2F
2-2: Foul Ball, location: 2F
2-2: Ball
3-2: TRIPLE (Flyball, 78XD, EV 107.5 MPH)
Pitching: RHP Jason Vigil
Batting: LHB Nick Rooney 0-0: Foul Ball, location: 2F
0-1: Ball
1-1: Ball
2-1: Ball
3-1: Swinging Strike
3-2: Strikes out looking
Bottom of the 4th over - 0 runs, 1 hit, 0 errors, 1 left on base; Portland 2 - Colorado 1
TOP OF THE 5TH
Portland Angels batting - Pitching for Colorado Avalanche : LHP Rafael Lozano
Batting: RHB Brendan Garoutte 0-0: Foul Ball, location: 2F
0-1: Foul Ball, location: 2F
0-2: Foul Ball, location: 2F
0-2: Foul Ball, location: 2F
0-2: Ball
1-2: Ball
2-2: DOUBLE (Line Drive, 7LM, EV 104.4 MPH)
Batting: RHB Dan Myers 0-0: Called Strike
0-1: Ball
1-1: Swinging Strike
1-2: Strikes out swinging
Batting: RHB Jayden Bain 0-0: Called Strike
0-1: Ball
1-1: Swinging Strike
1-2: Fly out, F9 (Flyball, 9D, EV 99.4 MPH)
Runner from 2nd tags up, SAFE at 3rd, no throw by RF
Batting: LHB Ramon Garduno 0-0: Ball
1-0: Ball
2-0: Ball
3-0: Called Strike
3-1: Base on Balls
Batting: SHB Danny Gelinas 0-0: Ball
1-0: Called Strike
1-1: Foul Ball, location: 2F
1-2: Strikes out looking
Top of the 5th over - 0 runs, 1 hit, 0 errors, 2 left on base; Portland 2 - Colorado 1
BOTTOM OF THE 5TH
Colorado Avalanche batting - Pitching for Portland Angels : RHP Jason Vigil
Batting: RHB Mike McElroy 0-0: Called Strike
0-1: Ball
1-1: Foul Ball, location: 2F
1-2: Foul Ball, location: 2F
1-2: Ball
2-2: Strikes out swinging
Batting: RHB Seisaburo Edagawa 0-0: Called Strike
0-1: Foul Ball, location: 2F
0-2: Ball
1-2: Fly out, F8 (Flyball, 89M, EV 86.9 MPH)
Batting: SHB Craig Ruzic 0-0: Swinging Strike
0-1: Foul Ball, location: 2F
0-2: Ball
1-2: Ball
2-2: Strikes out swinging
Bottom of the 5th over - 0 runs, 0 hits, 0 errors, 0 left on base; Portland 2 - Colorado 1
TOP OF THE 6TH
Portland Angels batting - Pitching for Colorado Avalanche : LHP Rafael Lozano
Batting: RHB Alex Rosaly 0-0: Foul Ball, location: 2F
0-1: SOLO HOME RUN (Flyball, 7D, EV 102.5 MPH), Distance : 405 ft
Batting: SHB Yuya Hirata 0-0: Called Strike
0-1: Called Strike
0-2: Ball
1-2: Foul Ball, location: 2F
1-2: Strikes out swinging
Batting: RHB Carlos Gonzales 0-0: Ball
1-0: Foul Ball, location: 2F
1-1: Swinging Strike
1-2: Strikes out swinging
Batting: RHB Daniel Molina 0-0: Ball
1-0: Ball
2-0: Foul Ball, location: 2F
2-1: Foul Ball, location: 2F
2-2: Foul Ball, location: 2F
2-2: Ball
3-2: Strikes out swinging
Top of the 6th over - 1 run, 1 hit, 0 errors, 0 left on base; Portland 3 - Colorado 1
BOTTOM OF THE 6TH
Colorado Avalanche batting - Pitching for Portland Angels : RHP Jason Vigil
Batting: LHB Glenn Lowther 0-0: Ball
1-0: Foul Ball, location: 2F
1-1: Foul Ball, location: 2F
1-2: Ground out 5-3 (Groundball, 5L, EV 85.6 MPH)
Batting: SHB Justin Jackson 0-0: Ball
1-0: Called Strike
1-1: Ground out 4-3 (Groundball, 4, EV 88.8 MPH)
Batting: RHB Kevin Tangeman 0-0: Ball
1-0: Ball
2-0: Ball
3-0: Base on Balls
Batting: LHB Jerry Santana 0-0: SINGLE (Groundball, 34, EV 103.1 MPH) (infield hit)
Kevin Tangeman to second
Batting: RHB Eric Delgado 0-0: Foul Ball, location: 2F
0-1: Ball
1-1: Called Strike
1-2: Strikes out swinging
Bottom of the 6th over - 0 runs, 1 hit, 0 errors, 2 left on base; Portland 3 - Colorado 1
TOP OF THE 7TH
Portland Angels batting - Pitching for Colorado Avalanche : LHP Rafael Lozano
Batting: RHB Brendan Garoutte 0-0: Foul Ball, location: 2F
0-1: Ball
1-1: Foul Ball, location: 2F
1-2: Foul Ball, location: 2F
1-2: Foul Ball, location: 2F
1-2: Strikes out looking
Batting: RHB Dan Myers 0-0: Called Strike
0-1: Ball
1-1: Swinging Strike
1-2: Strikes out swinging
Batting: RHB Jayden Bain 0-0: Called Strike
0-1: Ball
1-1: Called Strike
1-2: Foul Ball, location: 2F
1-2: Ball
2-2: Ground out U3 (Groundball, 34S, EV 88.8 MPH)
Top of the 7th over - 0 runs, 0 hits, 0 errors, 0 left on base; Portland 3 - Colorado 1
BOTTOM OF THE 7TH
Colorado Avalanche batting - Pitching for Portland Angels : RHP Jason Vigil
Batting: LHB Nick Rooney 0-0: Ball
1-0: Ball
2-0: Called Strike
2-1: SOLO HOME RUN (Flyball, 9LD, EV 91.2 MPH), Distance : 334 ft
Batting: RHB Mike McElroy 0-0: Called Strike
0-1: Ground out 5-3 (Groundball, 56, EV 89.4 MPH)
Batting: RHB Seisaburo Edagawa 0-0: Called Strike
0-1: Ball
1-1: Called Strike
1-2: Ball
2-2: Ball
3-2: Base on Balls
Pitching: RHP Victor Padilla
Batting: SHB Craig Ruzic 0-0: Called Strike
0-1: Foul Ball, location: 2F
0-2: Strikes out looking
Batting: LHB Glenn Lowther 0-0: Ball
1-0: Ball
2-0: Called Strike
2-1: Swinging Strike
2-2: Fly out, F7 (Flyball, 7D, EV 86.9 MPH)
Bottom of the 7th over - 1 run, 1 hit, 0 errors, 1 left on base; Portland 3 - Colorado 2
TOP OF THE 8TH
Portland Angels batting - Pitching for Colorado Avalanche : LHP Rafael Lozano
Pinch Hitting: RHB Noah Pena 0-0: Ball
1-0: Called Strike
1-1: Foul Ball, location: 2F
1-2: Foul Ball, location: 2F
1-2: Ball
2-2: Foul Ball, location: 2F
2-2: Fly out, F7 (Flyball, 7LSF, EV 77.5 MPH)
Batting: SHB Danny Gelinas 0-0: Ball
1-0: Ball
2-0: Ball
3-0: Called Strike
3-1: Foul Ball, location: 2F
3-2: Base on Balls
Batting: RHB Alex Rosaly 0-0: Swinging Strike
0-1: Swinging Strike
0-2: 2-RUN HOME RUN (Line Drive, 7D, EV 100.0 MPH), Distance : 405 ft
Batting: SHB Yuya Hirata 0-0: Ball
1-0: Ball
2-0: Ball
3-0: Called Strike
3-1: Swinging Strike
3-2: Strikes out swinging
Batting: RHB Carlos Gonzales 0-0: Ball
1-0: Ball
2-0: Ball
3-0: Base on Balls
Batting: RHB Daniel Molina 0-0: Called Strike
0-1: Swinging Strike
0-2: SINGLE (Groundball, 6S, EV 66.9 MPH) (infield hit)
Carlos Gonzales to second
Batting: RHB Brendan Garoutte 0-0: 3-RUN HOME RUN (Flyball, 78XD, EV 112.5 MPH), Distance : 441 ft
Pitching: LHP Dan Ott
Batting: RHB Dan Myers 0-0: Foul Ball, location: 2F
0-1: Foul Ball, location: 2F
0-2: Ball
1-2: Strikes out swinging
Top of the 8th over - 5 runs, 3 hits, 0 errors, 0 left on base; Portland 8 - Colorado 2
BOTTOM OF THE 8TH
Colorado Avalanche batting - Pitching for Portland Angels : RHP Victor Padilla
Now at 1B: Noah Pena
Batting: SHB Justin Jackson 0-0: Swinging Strike
0-1: Fly out, F7 (Line Drive, 7LM, EV 93.8 MPH)
Batting: RHB Kevin Tangeman 0-0: Ball
1-0: Called Strike
1-1: Called Strike
1-2: Foul Ball, location: 2F
1-2: Ball
2-2: Ball
3-2: Foul Ball, location: 2F
3-2: Base on Balls
Batting: LHB Jerry Santana 0-0: Ball
1-0: Ball
2-0: Called Strike
2-1: Foul Ball, location: 2F
2-2: Strikes out swinging
Batting: RHB Eric Delgado 0-0: Called Strike
0-1: Ball
1-1: Ball
2-1: Swinging Strike
2-2: Ball
3-2: Base on Balls
Kevin Tangeman to second
Pitching: RHP Nick Kempson
Batting: LHB Nick Rooney 0-0: Ball
1-0: 3-RUN HOME RUN (Line Drive, 9D, EV 103.1 MPH), Distance : 401 ft
Batting: RHB Mike McElroy 0-0: Called Strike
0-1: Ball
1-1: Ball
2-1: Fly out, F9 (Flyball, 9S, EV 91.2 MPH)
Bottom of the 8th over - 3 runs, 1 hit, 0 errors, 0 left on base; Portland 8 - Colorado 5
TOP OF THE 9TH
Portland Angels batting - Pitching for Colorado Avalanche : LHP Dan Ott
Batting: RHB Jayden Bain 0-0: Ball
1-0: Called Strike
1-1: Ball
2-1: Foul Ball, location: 2F
2-2: Ball
3-2: Foul Ball, location: 2F
3-2: Strikes out swinging
Batting: RHB Noah Pena 0-0: Called Strike
0-1: Ball
1-1: Foul Ball, location: 2F
1-2: Strikes out swinging
Batting: SHB Danny Gelinas 0-0: Ball
1-0: Ball
2-0: Called Strike
2-1: Foul Ball, location: 2F
2-2: Strikes out swinging, 2-3 out at first.
Top of the 9th over - 0 runs, 0 hits, 0 errors, 0 left on base; Portland 8 - Colorado 5
BOTTOM OF THE 9TH
Colorado Avalanche batting - Pitching for Portland Angels : RHP Nick Kempson
Pitching: RHP Dean Aspden
Now at 1B: Arnaud Derosiers
Now at SS: Mario Martinez
Batting: RHB Seisaburo Edagawa 0-0: Foul Ball, location: 2F
0-1: Ball
1-1: Ball
2-1: Ball
3-1: Base on Balls
Batting: SHB Craig Ruzic 0-0: Foul Ball, location: 2F
0-1: Ball
1-1: Ball
2-1: Foul Ball, location: 2F
2-2: Ball
3-2: Foul Ball, location: 2F
3-2: Fly out, F8 (Flyball, 78S, EV 88.1 MPH)
Batting: LHB Glenn Lowther 0-0: Ball
1-0: Ball
2-0: Ball
3-0: Base on Balls
Seisaburo Edagawa to second
Batting: SHB Justin Jackson 0-0: Foul Ball, location: 2F
0-1: Foul Ball, location: 2F
0-2: Ball
1-2: Ball
2-2: Ball
3-2: Foul Ball, location: 2F
3-2: Base on Balls
Seisaburo Edagawa to third
Glenn Lowther to second
Pinch Hitting: SHB Chris Besselman 0-0: Ball
1-0: Ball
2-0: Ball
3-0: Base on Balls
Seisaburo Edagawa scores
Glenn Lowther to third
Justin Jackson to second
Pinch Hitting: RHB T.J. Williams 0-0: Fly out, F8 (Flyball, 78XD, EV 104.4 MPH)
Runner from 3rd tags up, SCORES, no throw by CF
Batting: RHB Eric Delgado 0-0: Ball
1-0: Ball
2-0: Ball
3-0: Base on Balls
Justin Jackson to third
Chris Besselman to second
Batting: LHB Nick Rooney 0-0: Called Strike
0-1: Called Strike
0-2: Ball
1-2: Ball
2-2: Strikes out looking
Bottom of the 9th over - 2 runs, 0 hits, 0 errors, 3 left on base; Portland 8 - Colorado 7
Tuesday, September 13th , 2022 - OOTP Baseball 23.7 Build 88